 Dungeon Crawl Stone Soup version bcrawl-1.23.1-30-gcf7fa35852 (webtiles) character file.

Game seed: 3921854464639807589

116 Hasart the Shield-Bearer (level 4, -1/38 HPs)
             Began as a Demigod Fighter on May 30, 2020.
             Killed by nerve-wracking pain
             ... invoked by an orc priest
              (5 damage)
             ... on level 3 of the Dungeon.
             The game lasted 00:03:57 (1454 turns).

Hasart the Shield-Bearer (Demigod Fighter)          Turns: 1454, Time: 00:03:57

Health: -1/38      AC:  7    Str: 22    XL:     4   Next: 70%
Magic:  7/7        EV:  6    Int: 12    God:    Demigod [*.....]
Gold:   111        SH: 10    Dex: 16    Spells: 3/3 levels left

rFire    . . .     SeeInvis .   a - +0 long sword
rCold    . . .     Gourm    .   c - +0 medium shield
rNeg     . . .     Faith    .   b - +0 scale mail
rPois    .         Spirit   .   (no helmet)
rElec    .         Reflect  .   (no cloak)
rCorr    .         Harm     .   l - +0 pair of gloves
MR       .....                  (no boots)
Stlth    ..........             (no amulet)
HPRegen  0.12/turn              (no ring)
MPRegen  0.10/turn              (no ring)

@: no status effects
A: high mp 1
a: Temporal Distortion


You were on level 3 of the Dungeon.
You worshipped Demigod.
Demigod was aware of your devotion.
You were not hungry.

You visited 1 branch of the dungeon, and saw 3 of its levels.

You collected 111 gold pieces.

Inventory:

Hand Weapons
 a - a +0 long sword (weapon)
Armour
 b - a +0 scale mail (worn)
 c - a +0 medium shield (worn)
 l - a +0 pair of gloves (worn)
Jewellery
 n - an uncursed ring of see invisible {unknown}
Scrolls
 f - 2 scrolls of amnesia {unknown}
 g - 4 scrolls of remove curse {unknown}
 h - a scroll of fear {unknown}
 i - 2 scrolls of identify {unknown}
 j - 2 scrolls of noise {unknown}
 k - 2 scrolls of teleportation {unknown}
 o - a scroll of immolation {unknown}
Potions
 d - a potion of might
 m - 2 potions of haste {unknown}
Comestibles
 e - 2 rations {!d}


   Skills:
 + Level 3.1 Fighting
 * Level 2.9 Long Blades
 + Level 3.1 Armour
 + Level 1.3 Dodging
 + Level 3.1 Shields
 + Level 1.1 Invocations


You had 3 spell levels left.
You didn't know any spells.
Your spell library was empty.

Dungeon Overview and Level Annotations

Branches:
Dungeon (3/12)


Innate Abilities, Weirdness & Mutations

You have an increased reservoir of magic. (+10% MP)


Message History

* * * LOW HITPOINT WARNING * * *
You closely miss the orc priest.
The orc priest is moderately wounded.
The orc hits you with a +0 club.
* * * LOW HITPOINT WARNING * * *
A frilled lizard comes into view.
The orc priest completely misses you. You block the orc's attack.
Unknown command.
You hit the orc priest but do no damage.
The orc priest is moderately wounded.
The orc priest hits you with a +0 dagger.
* * * LOW HITPOINT WARNING * * *
The orc hits you but does no damage.
Unknown command.
You closely miss the orc priest.
The orc priest is moderately wounded.
The orc priest invokes the aid of Beogh against you.
Pain shoots through your body!
You die...
Your divinity fades.

.⌠.
...
#l#
##o##
#...#
#.⌠?#
#oo.#
#@#
###


You could see an orc priest, an orc wizard, an orc and a frilled lizard.

Vanquished Creatures
  4 gnolls (D:2)
  4 oozes
  2 worms (D:2)
  2 dart slugs (D:2)
  2 leopard geckos (D:2)
  A bat zombie (D:1)
  A giant cockroach (D:2)
  2 goblins (D:1)
  9 hobgoblins
  4 jackals (D:1)
  8 kobolds
  2 quokkas
  4 bats
  A frilled lizard (D:1)
  A giant cockroach zombie (D:1)
  5 rats
52 creatures vanquished.

Notes
Turn   | Place    | Note
-------+----------+-------------------------------------------
     0 | D:1      | Hasart the Demigod Fighter began the quest for the Orb.
     0 | D:1      | Reached XP level 1. HP: 18/18 MP: 3/3
   142 | D:1      | Reached XP level 2. HP: 25/25 MP: 4/4
   409 | D:1      | Reached XP level 3. HP: 30/30 MP: 5/5
   688 | D:2      | Reached * piety under Demigod
   688 | D:2      | Reached skill level 1 in Dodging
   843 | D:2      | Reached XP level 4. HP: 32/38 MP: 6/6
  1115 | D:2      | Reached skill level 1 in Invocations
  1253 | D:2      | Found a shimmering blue altar of Sif Muna.
  1256 | D:2      | Found a hazy altar of Hepliaklqana.
  1259 | D:2      | Found a basalt altar of Yredelemnul.
  1413 | D:2      | Found a bloodstained altar of Trog.
  1454 | D:3      | Killed from afar by an orc priest

Skill      XL: |  1  2  3  4 |
---------------+-------------+-----
Long Blades    | 2 |  2.9
Dodging        | 1 |  1.3
Shields        | 3 |  3.1
Fighting       | 3 |  3.1
Armour         | 3 |  3.1
Invocations    | 1 |  1.1

Action                   |  1- 3 |  4- 6 || total
-------------------------+-------+-------++-------
Melee: Long sword        |   107 |    49 ||   156
  Eat: Chunk             |       |     2 ||     2
Armor: Scale mail        |    48 |    20 ||    68
Dodge: Dodged            |    25 |    10 ||    35
Block: Medium shield     |    82 |    34 ||   116
